 Dungeon Crawl Stone Soup version 0.17-a0-2217-ga280b8d (webtiles) character file.

284 Leibowitz the Ducker (level 5, -12/45 HPs)
             Began as a Demigod Gladiator on Oct 27, 2015.
             Killed from afar by a gnoll (22 damage)
             ... with a wand of lightning
             ... on level 4 of the Dungeon.
             The game lasted 00:09:03 (2645 turns).

Leibowitz the Ducker (Demigod Gladiator)            Turns: 2645, Time: 00:09:03

Health: -12/45     AC:  7    Str: 18    XL:     5   Next: 78%
Magic:  7/7        EV: 14    Int: 12    God:
Gold:   20         SH:  0    Dex: 18    Spells: 0 memorised, 4 levels left

rFire  . . .     SeeInvis .     a - +0 trident
rCold  . . .     Clarity  +     b - +0 leather armour
rNeg   . . .     SustAt   +     (no shield)
rPois  .         Gourm    .     c - +0 helmet
rElec  .         Spirit   .     (no cloak)
rCorr  .         Warding  .     (no gloves)
rMut   .         Stasis   .     (no boots)
MR     .....                    o - amulet of clarity
Stlth  ++........               q - ring of wizardry
                                w - +3 ring of protection

@: not resistant to hostile enchantments, unstealthy
A: high mp 1, sustain attributes
a: no special abilities


You were on level 4 of the Dungeon.
You were not hungry.

You visited 1 branch of the dungeon, and saw 4 of its levels.

You collected 140 gold pieces.
You spent 120 gold pieces at shops.

Inventory:

Hand Weapons
 a - a +0 trident (weapon)
Missiles
 d - 2 throwing nets (quivered)
Armour
 b - a +0 leather armour (worn)
 c - a +0 helmet (worn)
Jewellery
 o - an amulet of clarity (around neck)
 q - a ring of wizardry (right hand)
 w - a +3 ring of protection (left hand)
Scrolls
 g - 6 scrolls of identify {unknown}
 h - 3 scrolls of noise {unknown}
 j - 3 scrolls of teleportation {unknown}
 p - 2 scrolls of recharging {unknown}
 r - a scroll of random uselessness {unknown}
 s - a scroll of immolation {unknown}
 t - a scroll of remove curse {unknown}
 u - a scroll of enchant weapon {unknown}
 v - a scroll of fear {unknown}
Potions
 i - 3 potions of agility {unknown}
 k - a potion of cancellation {unknown}
 m - a potion of heal wounds {unknown}
 n - a potion of invisibility {unknown}
Comestibles
 e - a bread ration
 f - 2 slices of pizza
 l - 3 meat rations


   Skills:
 + Level 3.1 Fighting
 + Level 3.7 Polearms
 + Level 2.0 Throwing
 + Level 1.3 Armour
 + Level 4.0 Dodging
 + Level 2.0 Stealth


You had 4 spell levels left.
You didn't know any spells.

Dungeon Overview and Level Annotations

Branches:
Dungeon (4/15)
 Temple: D:4-7

Shops:
D:4 *


Innate Abilities, Weirdness & Mutations

You have an increased reservoir of magic (+10% MP).
Your attributes are resistant to harm.


Message History

You reach to attack!
You completely miss the orc.
The orc is almost dead.
The orc misses you.
Attack whom?
Press: ? - help, Dir - move target cursor, f/p - orc
Aim: an orc, wielding a trident and wearing a leather armour (almost dead)
You reach to attack!
You puncture the orc!
You kill the orc!
Attack whom?
Press: ? - help, Dir - move target cursor, f - orc
Aim: an orc, wielding a club You reach to attack!
You hit the orc.
The orc is lightly wounded.
The gnoll zaps a wand.
The bolt of lightning misses you.
It is a wand of lightning.
The gnoll zaps a wand.
The bolt of lightning hits you!
Ouch! That really hurt!
* * * LOW HITPOINT WARNING * * *
The gnoll zaps a wand.
The bolt of lightning hits you!
You die...

#.......#.
.........#
?.......s#
...o....g## ###
.....goggo ##..
#....a≈≈≈## #..
#..g≈≈≈≈≈## #.# #
#.o≈≈∩.@.###.##....
###≈≈≈≈≈........#
####.≈≈≈......####
#.............#
####..#...#....###
##.......##....##
###.......(##.####
##.......#......
#...####.##..####


You could see a worker ant, a gnoll, 3 orcs, a giant cockroach, a hobgoblin and
3 goblins.

Vanquished Creatures
  A scorpion (D:4)
  2 giant frog skeletons (D:4)
  Jessica (D:2)
  A worker ant (D:4)
  4 adders
  A gnoll (D:3)
  2 oozes
  5 worms
  2 orcs
  2 ball pythons
  2 giant cockroaches
  7 goblins
  8 hobgoblins
  11 jackals (D:3)
  2 quokkas (D:2)
  3 bats
  2 giant geckos (D:3)
  4 giant newts
  2 kobolds (D:1)
  5 rats
67 creatures vanquished.

Notes
Turn   | Place    | Note
--------------------------------------------------------------
     0 | D:1      | Leibowitz the Demigod Gladiator began the quest for the Orb.
     0 | D:1      | Reached XP level 1. HP: 17/17 MP: 3/3
   209 | D:1      | Reached XP level 2. HP: 21/24 MP: 4/4
   691 | D:2      | Reached skill level 3 in Dodging
   879 | D:3      | You fall through a shaft!
   924 | D:2      | Found a burning altar of Makhleb.
   924 | D:2      | Found a shimmering altar of Xom.
   987 | D:2      | Noticed Jessica
   993 | D:2      | Killed Jessica
   993 | D:2      | Reached XP level 3. HP: 28/30 MP: 5/5
  1159 | D:2      | Found a glowing silver altar of Zin.
  1351 | D:2      | Reached XP level 4. HP: 23/37 MP: 6/6
  1895 | D:3      | Found a faded altar to an unknown god.
  1964 | D:3      | Found a white marble altar of Elyvilon.
  2072 | D:3      | Found a deep blue altar of Sif Muna.
  2360 | D:3      | Reached skill level 1 in Stealth
  2431 | D:4      | Noticed a scorpion
  2446 | D:4      | Reached XP level 5. HP: 41/45 MP: 7/7
  2458 | D:4      | Reached skill level 1 in Armour
  2527 | D:4      | Killed a scorpion
  2529 | D:4      | Noticed an ogre
  2542 | D:4      | Reached skill level 4 in Dodging
  2605 | D:4      | Found Jiskugoh's Assorted Antiques.
  2634 | D:4      | Bought a bone ring for 120 gold pieces
  2645 | D:4      | Killed from afar by a gnoll

Vault maps used:
D:1:      shiori_arrival_elements, serial_glass, glass_columns_a,
          glass_columns_a, glass_columns_a, glass_columns_b, glass_columns_b,
          glass_columns_b, glass_columns_a, glass_columns_a
D:2:      nicolae_overflow_hidden_temple, old_standard_altar, first_bread,
          uniq_jessica
D:3:      lemuel_round_altar, marbit_many_paths, ecumenical_altar_1,
          grunt_ministairs_1
D:4:      yredelemnul_altar_generic, serial_shops, nicolae_shop_waterfront,
          uniq_eustachio, uniq_duvessa, uniq_robin

Action                   |  1- 3 |  4- 6 || total
-------------------------+-------+-------++-------
Melee: Trident           |   102 |   144 ||   246
Throw: Throwing net      |     1 |     3 ||     4
 Stab: Held in net/web   |     1 |       ||     1
       Sleeping          |     5 |     3 ||     8
  Eat: Chunk             |     1 |     1 ||     2
       Bread ration      |       |     1 ||     1
